 Dungeon Crawl Stone Soup version 0.29.0-4-gdea44cf6ec (webtiles) character file.

Game seed: 6282921992948350324

189 qw the Sneak (level 5, 0/32 HPs)
             Began as a Gargoyle Delver on Sept 10, 2022.
             Slain by a white imp (2 damage)
             ... summoned by Natasha
             ... on level 3 of the Dungeon.
             The game lasted 00:01:37 (3866 turns).

qw the Sneak (Gargoyle Delver)                      Turns: 3866, Time: 00:01:38

Health: 0/32       AC: 14    Str: 18    XL:     5   Next: 68%
Magic:  5/5        EV:  5    Int: 10    God:
Gold:   178        SH:  0    Dex: 17    Spells: 4/4 levels left

rFire   . . .      SeeInvis .   Y - +0 hand axe
rCold   + . .      Faith    .   (no shield)
rNeg    + . .      Spirit   .   i - +0 plate armour
rPois   inf        Reflect  .   (no helmet)
rElec   +          Harm     .   l - scarf {repulsion}
rCorr   .          Rampage  .   (no gloves)
Will    .....                   (no boots)
Stlth   ..........              h - amulet of the acrobat
HPRegen 0.10/turn               d - ring of protection from cold
MPRegen 0.09/turn               p - +6 ring of dexterity

@: repel missiles
A: sickness immunity, AC +4, negative energy resistance 1, electricity
resistance, torment resistance 1, petrification resistance
a: no special abilities


You were on level 3 of the Dungeon.
You visited 1 branch of the dungeon, and saw 5 of its levels.

You collected 178 gold pieces.


Innate Abilities, Weirdness & Mutations

You are immune to sickness and miasma.
Your stone body is resilient. (AC +4)
You are immune to poison.
You resist negative energy. (rN+)
You are resistant to electric shocks. (rElec)
You are resistant to unholy torment.
You are immune to petrification.


   Skills:
 - Level 3.2 Fighting
 + Level 4.8 Axes
 - Level 2.0 Armour
 - Level 1.5 Dodging
 - Level 5.4 Stealth


You had 4 spell levels left.
You didn't know any spells.
Your spell library was empty.

Inventory:

Hand Weapons
 a - a +0 whip
 Y - a +0 hand axe (weapon)
Armour
 i - a +0 plate armour (worn)
 l - a scarf of repulsion (worn)
Jewellery
 d - a ring of protection from cold (left hand)
 h - an amulet of the acrobat (around neck)
 p - a +6 ring of dexterity (right hand)
Wands
 g - a wand of digging (3)
Scrolls
 j - a scroll of identify
Potions
 b - a potion of cancellation {unknown}
 c - a potion of degeneration {unknown}
 e - a potion of curing {unknown}
 f - 3 potions of haste
 k - a potion of heal wounds {unknown}
 o - a potion of brilliance {unknown}

Dungeon Overview and Level Annotations

Branches:
Dungeon (5/15)
 Temple: D:4-7

Altars:

Shops:
D:3 !

Annotations:
D:3 Natasha
D:4 Duvessa


Message History

Natasha mumbles some strange words.
You closely miss Natasha.
Natasha is moderately wounded.
You hit the iron imp. You hit the white imp but do no damage.
You barely miss the ball python. The ball python barely misses you.
The ball python grabs you. The ball python constricts you.
The iron imp completely misses you. Natasha claws you. The white imp hits you.
The white imp freezes you. You resist.
You closely miss the ball python. You barely miss the iron imp.
You closely miss the white imp. You completely miss Natasha.
The ball python bites you. The ball python constricts you.
The iron imp hits you. Natasha claws you!
The ball python bites you but does no damage.
The ball python constricts you.
The white imp hits you but does no damage.
You closely miss the ball python. You hit Natasha.
You completely miss the white imp. You barely miss the iron imp.
You hit the white imp.
The iron imp hits you but does no damage.
The ball python bites you but does no damage.
The ball python constricts you.
The white imp hits you but does no damage.
Natasha claws you.
The white imp picks up a beetle and eats it.
The white imp gestures at you. The puff of frost hits you! You resist.
You hit the ball python.
You kill the ball python!
You barely miss the white imp. You hit Natasha but do no damage.
You hit the white imp. You hit the iron imp but do no damage.
The white imp hits you but does no damage.
Natasha claws you but does no damage. The white imp hits you.
The white imp freezes you. You resist. The iron imp completely misses you.
You barely miss Natasha.
Natasha is moderately wounded.
You barely miss the white imp. You barely miss the iron imp.
You closely miss the white imp. The white imp hits you.
You die...

#................#
##..#...
##...............#
#......
##.....#........#
#.#.... #######..#.....#
##......
##....#.....##.........
##..................#.##
#............##.###.#.#.
#.$...............#.#...
#.....5@5.......#<..#..#
##.....h5....### #<....#
.....<.#.....# ##...##
.###.......\.# #.....
#... 7.##.# #..#.## ....
.# .# #..#.#. .#... 7# .
....... .##... ###.....
......


You could see an iron imp (summoned), Natasha and 2 white imps.

Vanquished Creatures
  11 adders
  An ufetubus (D:5)
  A worm (D:3)
  2 dart slugs (D:2)
  5 bats
  10 endoplasms
  5 giant cockroaches
  5 hobgoblins
  4 jackals (D:1)
  9 kobolds
  4 quokkas
  6 ball pythons
  5 frilled lizards
  3 goblins (D:1)
  11 rats
82 creatures vanquished.

Notes
Turn   | Place    | Note
-------+----------+-------------------------------------------
     0 | D:5      | qw the Gargoyle Delver began the quest for the Orb.
     0 | D:5      | Reached XP level 1. HP: 14/14 MP: 1/1
     0 | D:5      | 0 ||| qw: Version: 0.1-a-116-g5d60599
     0 | D:5      | 0 ||| qw: Game counter: 8940
     0 | D:5      | 0 ||| qw: Always use a shield: true
     0 | D:5      | 0 ||| qw: God list: Okawaru
     0 | D:5      | 0 ||| qw: Allow faded altars: false
     0 | D:5      | 0 ||| qw: Do Orc after D:15 true
     0 | D:5      | 0 ||| qw: Do second Lair branch before Depths: true
     0 | D:5      | 0 ||| qw: Lair rune preference: random
     0 | D:5      | 0 ||| qw: Plans: Normal
     0 | D:5      | 0 ||| PLANNING D:1-11
   305 | D:5      | 305 ||| UPGRADING to +0 ring mail.
   315 | D:5      | 315 ||| DROPPING +0 leather armour.
   316 | D:5      | 316 ||| DROPPING scroll of fog.
   317 | D:5      | 317 ||| DROPPING scroll of magic mapping.
   318 | D:5      | 318 ||| DROPPING scroll of fear.
   327 | D:4      | Noticed Duvessa
   337 | D:4      | 337 ||| Stepping ~*~*~tactically~*~*~ (stealth).
   341 | D:4      | 341 ||| Stepping ~*~*~tactically~*~*~ (stealth).
   342 | D:4      | 342 ||| STAIRDANCE
   368 | D:3      | 368 ||| Stepping ~*~*~tactically~*~*~ (stealth).
   401 | D:3      | Reached XP level 2. HP: 19/19 MP: 2/2
   421 | D:3      | Reached skill level 3 in Axes
   421 | D:3      | Reached XP level 3. HP: 12/23 MP: 3/3
   609 | D:3      | Identified the +8 dagger of Venusu Ylus {drain, Fly rF-
                  | rCorr}
   904 | D:3      | 904 ||| Stepping ~*~*~tactically~*~*~ (stealth).
   906 | D:3      | 906 ||| Stepping ~*~*~tactically~*~*~ (stealth).
   907 | D:3      | 907 ||| Stepping ~*~*~tactically~*~*~ (stealth).
   908 | D:3      | 908 ||| Stepping ~*~*~tactically~*~*~ (stealth).
   920 | D:3      | 920 ||| Stepping ~*~*~tactically~*~*~ (stealth).
   921 | D:3      | 921 ||| Stepping ~*~*~tactically~*~*~ (stealth).
   922 | D:3      | 922 ||| Stepping ~*~*~tactically~*~*~ (stealth).
   953 | D:3      | 953 ||| Stepping ~*~*~tactically~*~*~ (stealth).
   954 | D:3      | 954 ||| Stepping ~*~*~tactically~*~*~ (stealth).
   955 | D:3      | 955 ||| Stepping ~*~*~tactically~*~*~ (stealth).
   956 | D:3      | 956 ||| Stepping ~*~*~tactically~*~*~ (stealth).
   966 | D:3      | 966 ||| Stepping ~*~*~tactically~*~*~ (stealth).
  1055 | D:2      | 1055 ||| Stepping ~*~*~tactically~*~*~ (stealth).
  1096 | D:2      | Found a faded altar of an unknown god.
  1107 | D:2      | Reached XP level 4. HP: 25/28 MP: 4/4
  1152 | D:2      | 1152 ||| Stepping ~*~*~tactically~*~*~ (stealth).
  1193 | D:2      | 1193 ||| Stepping ~*~*~tactically~*~*~ (stealth).
  1242 | D:2      | 1242 ||| Stepping ~*~*~tactically~*~*~ (stealth).
  1243 | D:2      | 1243 ||| Stepping ~*~*~tactically~*~*~ (stealth).
  1263 | D:2      | 1263 ||| Stepping ~*~*~tactically~*~*~ (stealth).
  1264 | D:2      | 1264 ||| Stepping ~*~*~tactically~*~*~ (stealth).
  1266 | D:2      | 1266 ||| Stepping ~*~*~tactically~*~*~ (stealth).
  1279 | D:2      | 1279 ||| Stepping ~*~*~tactically~*~*~ (stealth).
  1354 | D:2      | 1354 ||| Stepping ~*~*~tactically~*~*~ (stealth).
  1357 | D:2      | 1357 ||| Stepping ~*~*~tactically~*~*~ (stealth).
  1382 | D:2      | Reached skill level 1 in Armour
  1454 | D:2      | 1454 ||| UPGRADING to +0 chain mail.
  1464 | D:2      | 1464 ||| DROPPING +0 ring mail.
  1465 | D:2      | 1465 ||| UPGRADING to ring of protection from cold.
  1737 | D:1      | 1737 ||| Stepping ~*~*~tactically~*~*~ (stealth).
  1973 | D:1      | Reached XP level 5. HP: 32/32 MP: 5/5
  1986 | D:1      | 1986 ||| Stepping ~*~*~tactically~*~*~ (stealth).
  1987 | D:1      | 1987 ||| Stepping ~*~*~tactically~*~*~ (stealth).
  1996 | D:1      | 1996 ||| Stepping ~*~*~tactically~*~*~ (stealth).
  2447 | D:1      | 2447 ||| Stepping ~*~*~tactically~*~*~ (stealth).
  2924 | D:1      | 2924 ||| UPGRADING to +0 plate armour.
  2934 | D:1      | 2934 ||| DROPPING +0 chain mail.
  2935 | D:1      | 2935 ||| UPGRADING to scarf of repulsion.
  2940 | D:1      | 2940 ||| DROPPING ring of wizardry.
  2941 | D:1      | 2941 ||| UPGRADING to +6 ring of dexterity.
  2942 | D:1      | 2942 ||| READING scroll labelled JILOITS QEFARCH.
  2943 | D:1      | 2943 ||| READING scroll labelled ENAWIH YTYJ.
  2944 | D:1      | 2944 ||| READING scroll labelled UWNITO DOIT PEY.
  2945 | D:1      | 2945 ||| DRINKING 2 murky pink potions.
  2946 | D:1      | 2946 ||| DROPPING potion of attraction.
  2991 | D:2      | 2991 ||| STAIRDANCE
  2999 | D:2      | 2999 ||| STAIRDANCE
  3307 | D:2      | 3307 ||| FLEEEEING.
  3368 | D:2      | 3368 ||| Stepping ~*~*~tactically~*~*~ (stealth).
  3376 | D:2      | 3376 ||| Stepping ~*~*~tactically~*~*~ (hiding).
  3607 | D:2      | 3607 ||| UPGRADING to amulet of the acrobat.
  3612 | D:2      | 3612 ||| READING scroll labelled NOTUAR VUCK.
  3693 | D:3      | 3693 ||| Stepping ~*~*~tactically~*~*~ (stealth).
  3833 | D:3      | 3833 ||| DROPPING +0 club.
  3852 | D:3      | Noticed Natasha
  3853 | D:3      | Found Okeintam's Distillery.
  3864 | D:3      | HP: 5/32 [white imp/puff of frost[Natasha] (7)]
  3865 | D:3      | HP: 2/32 [white imp[Natasha] (1)]
  3866 | D:3      | Slain by a white imp

Levels and vault maps discovered:
D:1:      dpeg_arrival_water_fire, layout_basic, serial_forest,
          infiniplex_forest_clump_small, infiniplex_forest_end_2,
          infiniplex_forest_lined_2, infiniplex_forest_lined_corner,
          infiniplex_forest_clump_medium, infiniplex_forest_corner_1,
          infiniplex_forest_straight_3, nicolae_eternal_life,
          grunt_decor_clamped, minmay_misc_feat_more_columns, minmay_distorted
D:2:      layout_basic, nicolae_ecumenical_snake_handling
D:3:      layout_rooms, mainiacjoe_overflow_chevrons, serial_shops, shop,
          nicolae_shop_trees, shop, uniq_natasha
D:4:      layout_layer_cave, serial_bayou, serial_bayou_lagoon_b,
          serial_bayou_lagoon_a, serial_bayou_pond_c, serial_bayou_pond_e,
          gammafunk_ghost_grave, minmay_hedge_maze, uniq_duvessa
D:5:      layout_basic, nicolae_overflow_crystal_walls,
          ebering_ghost_inner_flame

Skill      XL: |  1  2  3  4  5 |
---------------+----------------+-----
Axes           | 2 3 4 |  4.8
Armour         | 1 2 |  2.0
Fighting       | |  3.2
Dodging        | |  1.5
Stealth        | |  5.4

Action                   |  1- 3 |  4- 6 || total
-------------------------+-------+-------++-------
Melee: Hand axe          |    86 |   251 ||   337
       Punch             |       |     2 ||     2
  Use: Scroll            |       |     4 ||     4
       Potion            |       |     1 ||     1
Armor: Leather armour    |     3 |       ||     3
       Ring mail         |    31 |    35 ||    66
       Chain mail        |       |    54 ||    54
       Plate armour      |       |    71 ||    71
Dodge: Dodged            |    45 |   107 ||   152

Table legend:
 A = Non-vault XP
 B = Vault XP
 C = Vault XP percentage of total XP
 D = Non-vault monster count
 E = Vault monster count
 F = Vault count percentage of total count
                 A         B        C        D         E       F
            +---------+---------+-------+---------+---------+-------
      Total |     214 |      57 |  21.0 |      74 |       8 |   9.8
            +---------+---------+-------+---------+---------+-------
        D:1 |      55 |       4 |   6.8 |      33 |       3 |   8.3
        D:2 |      71 |      53 |  42.7 |      21 |       5 |  19.2
        D:3 |      80 |       0 |   0.0 |      19 |       0 |   0.0
        D:5 |       8 |       0 |   0.0 |       1 |       0 |   0.0
            +---------+---------+-------+---------+---------+-------
